 Dungeon Crawl Stone Soup version 0.28-a0-1594-ga885d4b3d6 (webtiles) character file.

Game seed: 10563539613008277635

142293 belegose the Corrupter of Planes (level 17, -13/154 HPs)
             Began as a Hill Orc Abyssal Knight on Jan 20, 2022.
             Was the Champion of Lugonu.
             Mangled by a broodmother (30 damage)
             ... on level 2 of the Lair of Beasts.
             The game lasted 02:10:09 (48455 turns).

belegose the Corrupter of Planes (HOAK)            Turns: 48455, Time: 02:10:10

Health: -13/154    AC: 16    Str: 24    XL:     17   Next: 35%
Magic:  22/30      EV: 12    Int: 10    God:    Lugonu [******]
Gold:   1580       SH: 16    Dex: 11    Spells: 16/16 levels left

rFire   + + .      SeeInvis .   a - +8 scimitar of Massacring {spect, +Blink Fly rF+ rC-}
rCold   + . .      Faith    .   E - +0 kite shield of Somewhere Else {*Corrode rC+ rN+}
rNeg    + . .      Spirit   .   X - +0 swamp dragon scales
rPois   +          Reflect  +   P - +0 helmet
rElec   .          Harm     .   c - scarf {repulsion}
rCorr   +          Rampage  +   j - +2 pair of gloves
Will    +....                   Z - +1 pair of boots {rampage}
Stlth   +.........              q - amulet "Faitz" {Reflect rF+ SH+5}
HPRegen 0.35/turn               H - ring of resist corrosion
MPRegen 0.22/turn               D - ring of protection from cold

@: flying, studying Throwing, repel missiles
A: no striking features
a: Renounce Religion, Evoke Blink, Depart the Abyss, Bend Space, Banish,
Corrupt, Enter the Abyss, Brand Weapon With Distortion


You were on level 2 of the Lair of Beasts.
You worshipped Lugonu.
Lugonu was exalted by your worship.
You visited 6 branches of the dungeon, and saw 29 of its levels.
You visited the Abyss 1 time.
You also visited: Ice Cave.

You collected 3479 gold pieces.
You spent 1899 gold pieces at shops.

Inventory:

Hand Weapons
 a - the +8 scimitar of Massacring (weapon) {spect, +Blink Fly rF+ rC-}
   (You bought it in a shop on level 2 of the Orcish Mines)

   When its wielder attacks, the weapon's spirit leaps out and strikes again.
   The spirit shares a part of any damage it takes with its wielder.
   rF:        It protects you from fire.
   rC:        It makes you vulnerable to cold.
   Fly:       It grants you flight.
   +Blink:    It lets you blink.
 b - the +8 hand crossbow "Zaimi" {penet, rCorr}
   (You found it on level 4 of the Dungeon)

   Any ammunition fired by it passes through the targets it hits, potentially
   hitting all targets in its path until it reaches maximum range.
   rCorr:     It protects you from acid and corrosion.
 n - the +10 flail of Hell's Wrath {protect, Will+}
   (You found it on level 13 of the Dungeon)

   It grants its wielder temporary protection when it strikes (+7 to AC).
   Will:      It increases your willpower.
 w - a +4 scimitar of flaming
Missiles
 o - 34 poisoned darts
 C - 103 bolts
 J - 3 throwing nets
 V - 7 boomerangs
 W - 18 javelins (quivered)
Armour
 c - a scarf of repulsion (worn)
 j - a +2 pair of gloves (worn)
 t - the +1 helmet "Niged" {Rampage rElec rC- Str+3}
   (You bought it in a shop on level 2 of the Orcish Mines)

   Str:       It affects your strength (+3).
   rC:        It makes you vulnerable to cold.
   rElec:     It insulates you from electricity.
   Rampage:   It bestows one free step when moving towards enemies.
 x - a +1 kite shield of protection
 E - the +0 kite shield of Somewhere Else (worn) {*Corrode rC+ rN+}
   (You took it off Donald on level 1 of the Swamp)

   rC:        It protects you from cold.
   rN:        It protects you from negative energy.
   *Corrode:  It may corrode you when you take damage.
 P - a +0 helmet (worn)
 X - +0 swamp dragon scales (worn)
 Z - a +1 pair of boots of rampaging (worn)
Jewellery
 q - the amulet "Faitz" (around neck) {Reflect rF+ SH+5}
   (You acquired it on level 2 of the Orcish Mines)

   [amulet of reflection]

   It reflects blocked missile attacks.
   rF:        It protects you from fire.
   SH:        It affects your SH (+5).
 s - the ring "Qonebbyr" {rElec rPois rF+ Will- Int+2}
   (You acquired it on level 2 of the Orcish Mines)

   [ring of protection from fire]

   Int:       It affects your intelligence (+2).
   rF:        It protects you from fire.
   rElec:     It insulates you from electricity.
   rPois:     It protects you from poison.
   Will:      It decreases your willpower.
 u - the ring "Cexec" {Fly Int+2 Slay+3 SInv}
   (You took it off a spriggan druid on level 1 of the Swamp)

   [ring of flight]

   Int:       It affects your intelligence (+2).
   Slay:      It affects your accuracy & damage with ranged weapons and melee
   (+3).
   SInv:      It lets you see invisible.
   Fly:       It grants you flight.
 D - a ring of protection from cold (right hand)
 G - a ring of fire
 H - a ring of resist corrosion (left hand)
 M - a ring of fire
Wands
 i - a wand of charming (4)
 v - a wand of iceblast (3)
 y - a wand of flame (16)
 F - a wand of mindburst (13)
 N - a wand of acid (6)
 Q - a wand of digging (6)
 R - a wand of polymorph (18)
 S - a wand of paralysis (4)
Scrolls
 f - 8 scrolls of teleportation
 g - 4 scrolls of fear
 h - 6 scrolls of magic mapping
 k - 6 scrolls of identify
 l - 4 scrolls of blinking
 m - 6 scrolls of fog
 B - a scroll of brand weapon {unknown}
Potions
 d - 5 potions of might
 e - 15 potions of curing
 p - 4 potions of lignification
 r - 3 potions of flight
 z - 2 potions of invisibility
 A - 7 potions of haste
 I - 2 potions of berserk rage
 K - 3 potions of heal wounds
 L - 4 potions of resistance
Miscellaneous
 T - a tin of tremorstones (2/2)


   Skills:
 + Level 14.5 Fighting
 + Level 12.7 Long Blades
 - Level 5.5(8.9) Axes
 - Level 9.1(9.6) Maces & Flails
 - Level 10.0 Crossbows
 - Level 2.4 Throwing
 + Level 8.7 Armour
 - Level 6.0 Dodging
 + Level 11.7 Shields
 - Level 18.0 Invocations
 - Level 10.0 Evocations


You had 16 spell levels left.
You didn't know any spells.
Your spell library contained the following spells:

 Spells                   Type           Power      Damage    Failure   Level
 Freeze                   Ice            0%         1d3       75%         1
 Magic Dart               Conj           0%         1d3       75%         1
 Blink                    Tloc           0%         N/A       86%         2
 Call Imp                 Summ           0%         N/A       86%         2
 Corpse Rot               Necr/Air       0%         N/A       86%         2
 Ensorcelled Hibernation  Hex/Ice        0%         N/A       86%         2
 Passwall                 Tmut/Erth      0%         N/A       86%         2
 Static Discharge         Conj/Air       0%         N/A       86%         2
 Dazzling Flash           Conj/Hex       0%         N/A       98%         3
 Lesser Beckoning         Tloc           0%         N/A       98%         3
 Mephitic Cloud           Conj/Pois/Air  0%         N/A       98%         3
 Portal Projectile        Hex/Tloc       0%         N/A       98%         3
 Swiftness                Air            0%         N/A       98%         3
 Tukima's Dance           Hex            0%         N/A       98%         3
 Dispel Undead            Necr           0%         3d6       100%        4
 Hailstorm                Conj/Ice       0%         3d3       100%        4
 Ice Form                 Ice/Tmut       0%         N/A       100%        4
 Iskenderun's Mystic Bla  Conj/Tloc      0%         2d3       100%        4
 Passage of Golubria      Tloc           0%         N/A       100%        4
 Summon Lightning Spire   Summ/Air       0%         N/A       100%        4
 Alistair's Intoxication  Tmut/Pois      0%         N/A       100%        5
 Blade Hands              Tmut           0%         N/A       100%        5
 Borgnjor's Vile Clutch   Necr/Erth      0%         N/A       100%        5
 Excruciating Wounds      Necr           0%         N/A       100%        5
 Fireball                 Conj/Fire      0%         3d3       100%        5
 Iskenderun's Battlesphe  Conj           0%         2d6       100%        5
 Lightning Bolt           Conj/Air       0%         1d11      100%        5
 Manifold Assault         Tloc           0%         N/A       100%        5
 Metabolic Englaciation   Hex/Ice        0%         N/A       100%        5
 Yara's Violent Unravell  Hex/Tmut       0%         3d3       100%        5
 Conjure Ball Lightning   Conj/Air       0%         3x3d6     100%        6
 Death Channel            Necr           0%         N/A       100%        6
 Dispersal                Tloc           0%         N/A       100%        6
 Eringya's Noxious Bog    Tmut/Pois      0%         N/A       100%        6
 Simulacrum               Ice/Necr       0%         N/A       100%        6
 Starburst                Conj/Fire      0%         6d3       100%        6
 Orb of Destruction       Conj           0%         9d5       100%        7
 Storm Form               Tmut/Air       0%         N/A       100%        7
 Disjunction              Tloc           0%         N/A       100%        8
 Ignition                 Fire           0%         3d3       100%        8
 Maxwell's Capacitive Co  Air            0%         ∞         100%        8


Dungeon Overview and Level Annotations

Branches:
Dungeon (15/15)            Temple (1/1) D:4            Lair (6/6) D:11
  Swamp (4/4) Lair:3       Spider (1/4) Lair:2        Slime (0/5) Lair:5
    Orc (2/2) D:10            Elf (0/3) Orc:2        Vaults (0/5) D:14
 Depths (0/4) D:15          IceCv (visited)

Altars:
Ashenzari
Cheibriados
Elyvilon
Fedhas
Hepliaklqana
Makhleb
Nemelex Xobeh
Sif Muna
Trog
Uskayaw
Wu Jian
Xom
Yredelemnul
The Shining One
Jiyva

Shops:
D:3 ?   D:7 [   Orc:1 [   Orc:2 (*=:[**[?

Annotations:
Lair:6 1 runed translucent door, exclusion: door, Pooter's ghost, journeyman MiBe
Abyss:1 Sigmund


Message History

Unknown command.
Unknown command.
The redback bites you.
* * * LOW HITPOINT WARNING * * *
The redback barely misses you. You block the redback's attack. x2
Unknown command.
You slice the broodmother!!
The broodmother is lightly wounded.
Your +8 scimitar of Massacring {spect, +Blink Fly rF+ rC-} hits the broodmother!
The broodmother bites you!
* * * LOW HITPOINT WARNING * * *
A spider bursts forth from the wound!
You block the redback's attack. x2
Your wolf spider closely misses the broodmother.
Your wolf spider bites the broodmother!
The broodmother looks as sick as possible!
Your wolf spider poisons the broodmother!
Press: ? - help, Shift-Dir - straight line, f - broodmother, p - wolf spider
Aim: a broodmother (moderately wounded, extremely poisoned, ally target, chance to affect: 64%)
The broodmother struggles to resist.
The redback bites you.
* * * LOW HITPOINT WARNING * * *
You block the redback's attack.
The broodmother summons a spider!
Your wolf spider hits the broodmother!
Your wolf spider bites the broodmother!
The broodmother looks as sick as possible!
Your wolf spider poisons the broodmother!
The redback bites you.
* * * LOW HITPOINT WARNING * * *
The redback bites you but does no damage.
The broodmother bites your wolf spider!!!
Your wolf spider hits the broodmother!
Your wolf spider bites the broodmother.
Unknown command.
Press: ? - help, Shift-Dir - straight line, f/p - broodmother
Aim: a broodmother (severely wounded, extremely poisoned, ally target, chance to affect: 64%)
The broodmother struggles to resist.
The redback bites you but does no damage.
You block the redback's attack. The redback barely misses you.
Your wolf spider hits the broodmother.
Your wolf spider bites the broodmother!
The broodmother looks as sick as possible!
Your wolf spider poisons the broodmother!
The broodmother bites you!!
You die...

#######...............!## ### #
.#.##.##...#..#.......>.## #
...............^.........########
............^...^...^............
.............^.^..^..............
#.#..##....^..^^^.^^.^...........
#######.....^^.†^s.....#.........
##.....^.§sss^.^..#.........
#.....^.^.s@s^....#.........
#.......^§.§^.^.............
######.........^^^...............
.................^..^.#....#..###
...†..........^..^^........#..# #
....##.......#.....#.........####
#######.......#..................
# #.....###.................. #
#...............#..##......


You could see a broodmother (extremely poisoned, ally target), a tarantella
(summoned), 3 redbacks and a friendly wolf spider (charmed).

Vanquished Creatures
  Jorgrun (Swamp:1)
  Rupert (Orc:1)
  Donald (Swamp:1)
  An eleionoma (Swamp:3)
  2 bunyips
  An entropy weaver (Lair:2)
  A fire dragon (D:15)
  6 hydras
  An ice dragon (D:15)
  5 boulder beetles
  2 ogre magi (D:15)
  A rakshasa (D:15)
  4 catoblepae
  10 centaur warriors
  The ghost of poover the Arsonist, a journeyman DgFE (Orc:1)
  8 alligators
  10 two-headed ogres
  Urug (D:14)
  10 death yaks
  6 spriggans
  An orc high priest (Orc:2)
  10 skeletal warriors
  6 goliath frogs
  3 bog bodies
  A spriggan druid (Swamp:1)
  A wizard (D:15)
  3 swamp dragons (Swamp:1)
  2 orc knights (Orc:1)
  Pikel (D:5)
  3 deep elf zephyrmancers (D:15)
  3 cyclopes
  8 deep elf pyromancers
  A will-o-the-wisp (Lair:3)
  10 elephants
  26 ugly things
  7 manticores
  2 ice statues (IceCv)
  Joseph (D:8)
  3 black mambas
  15 cane toads
  A freezing wraith (D:15)
  6 rime drakes
  13 komodo dragons
  2 kobold demonologists (D:8)
  2 efreet
  6 hornets
  3 trolls
  A bloated husk (Swamp:1)
  A polar bear (Lair:5)
  A tarantella (Spider:1)
  10 slime creatures (D:13)
  Prince Ribbit (D:8)
  A troll (shapeshifter) (D:13)
  21 blink frogs
  A wolf spider simulacrum (D:14)
  6 tyrant leeches
  A tarantella (shapeshifter) (D:15)
  12 dream sheep
  A meliai zombie (D:11)
  A shadow (D:13)
  2 vampires
  3 wraiths
  6 wyverns
  35 yaks
  A basilisk (D:15)
  2 steam dragons
  16 humans
  A redback (Lair:2)
  18 vampire mosquitoes
  Menkaure (D:4)
  6 wargs
  9 swamp worms
  11 water moccasins
  A swamp drake (Swamp:3)
  2 black bears
  20 orc warriors
  2 sky beasts
  2 ice beasts
  5 necrophages
  8 ogres
  The ghost of parzival7114810 the Skirmisher, an amateur HOFi (D:3)
  15 centaurs
  4 lemures (D:5)
  18 wolves
  A phantom (D:5)
  2 kobold brigands
  9 bullfrogs
  2 gnoll sergeants
  A wyvern zombie (D:8)
  4 scorpions
  A wyvern skeleton (D:6)
  5 killer bees
  2 lindwurm simulacra (IceCv)
  21 wights
  An electric eel (Lair:4)
  2 howler monkeys (D:7)
  3 centaur zombies
  7 komodo dragon simulacra (IceCv)
  A bullfrog zombie (D:5)
  Crazy Yiuf (D:5)
  15 orc priests
  A gnoll shaman (D:5)
  2 hounds
  2 jellies
  A bullfrog skeleton (D:6)
  4 iguanas
  Terence (D:2)
  17 orc wizards
  A howler monkey zombie (D:6)
  A mummy (D:11)
  25 gnolls
  6 acid dragon simulacra (IceCv)
  6 adders
  A shadow imp (D:5)
  6 steam dragon simulacra (IceCv)
  3 adder skeletons
  3 worms
  2 dart slugs
  57 orcs
  8 endoplasms
  6 giant cockroaches
  5 goblins
  9 hobgoblins
  8 jackals
  4 quokkas
  5 ball pythons
  6 bats
  4 frilled lizards
  10 kobolds
  5 rats
747 creatures vanquished.

Vanquished Creatures (others)
  An unseen horror (D:12)
  2 bloated husks
  A wolf (Lair:4)
  A gnoll (D:3)
  18 fungi
  66 plants
89 creatures vanquished.

Grand Total: 836 creatures vanquished

Notes
Turn   | Place    | Note
-------+----------+-------------------------------------------
     0 | Abyss:1  | belegose the Hill Orc Abyssal Knight began the quest for
                  | the Orb.
     0 | Abyss:1  | Reached XP level 1. HP: 19/19 MP: 2/2
     6 | Abyss:1  | Found a corrupted altar of Lugonu.
    24 | Abyss:1  | Noticed a large abomination
    26 | D:1      | Escaped the Abyss
   325 | D:1      | Reached XP level 2. HP: 22/27 MP: 4/4
   428 | D:1      | Reached * piety under Lugonu
   691 | D:1      | Reached skill level 3 in Invocations
   884 | D:1      | Reached XP level 3. HP: 33/33 MP: 5/5
  1437 | D:2      | Identified the amulet "Puucsom" {Faith Contam Regen+ Int+6}
  1473 | D:2      | Found a faded altar of an unknown god.
  1488 | D:2      | Reached XP level 4. HP: 40/40 MP: 6/6
  1893 | D:2      | Noticed Terence
  2176 | D:2      | Killed Terence
  2412 | D:2      | Reached ** piety under Lugonu
  2776 | D:2      | Reached XP level 5. HP: 47/47 MP: 7/7
  3101 | D:3      | Reached skill level 4 in Invocations
  3588 | D:3      | Reached skill level 1 in Throwing
  3827 | D:2      | Reached XP level 6. HP: 37/55 MP: 9/9
  4081 | D:3      | Found a transporter.
  4147 | D:3      | Found Qumue's Magic Scroll Emporium.
  4157 | D:3      | Bought a scroll of identify for 28 gold pieces
  4558 | D:3      | Found a transporter.
  4780 | D:3      | Found a sparkling altar of Nemelex Xobeh.
  4990 | D:3      | Reached skill level 5 in Fighting
  5371 | D:4      | Noticed a necrophage
  5373 | D:4      | Noticed Menkaure
  5564 | D:3      | Killed a necrophage
  5565 | D:3      | Reached skill level 5 in Axes
  5565 | D:3      | Reached skill level 5 in Invocations
  5565 | D:3      | Reached XP level 7. HP: 57/61 MP: 10/10
  5598 | D:4      | Killed Menkaure
  6224 | D:4      | Found a staircase to the Ecumenical Temple.
  6245 | Temple   | Entered the Ecumenical Temple
  6387 | D:4      | Identified the +8 hand crossbow "Zaimi" {penet, rCorr}
  6460 | D:5      | Entered Level 5 of the Dungeon
  6544 | D:4      | Reached *** piety under Lugonu
  6556 | D:5      | Noticed Sigmund
  7004 | D:5      | Banished Sigmund
  7005 | D:5      | Reached skill level 1 in Maces & Flails
  7005 | D:5      | Reached skill level 1 in Crossbows
  7005 | D:5      | Reached skill level 5 in Armour
  7005 | D:5      | Reached XP level 8. HP: 70/70 MP: 7/12
  7064 | D:5      | Reached skill level 6 in Invocations
  7278 | D:5      | Noticed Pikel
  8032 | D:5      | Killed Pikel
  8236 | D:5      | Found a runed translucent door.
  8237 | D:5      | Noticed Crazy Yiuf
  8348 | D:5      | Reached skill level 7 in Invocations
  8348 | D:5      | Reached XP level 9. HP: 71/79 MP: 14/14
  8935 | D:6      | Reached skill level 1 in Evocations
  9541 | D:6      | Reached skill level 1 in Shields
  9989 | D:7      | Noticed a troll
  9998 | D:7      | Banished a troll
 10027 | D:7      | Reached skill level 8 in Invocations
 10269 | D:7      | Found Gaalux's Armour Emporium.
 10354 | D:7      | Reached skill level 5 in Maces & Flails
 10470 | D:7      | Reached XP level 10. HP: 87/88 MP: 16/16
 11348 | D:8      | Noticed Joseph
 12489 | D:8      | Noticed a kobold demonologist
 12506 | D:8      | Noticed a kobold demonologist
 12517 | D:8      | Banished a kobold demonologist
 12518 | D:8      | Killed a kobold demonologist
 12918 | D:8      | Noticed Prince Ribbit
 12951 | D:8      | Killed Prince Ribbit
 12952 | D:8      | Reached skill level 9 in Invocations
 13450 | D:8      | Noticed a kobold demonologist
 13483 | D:8      | Killed a kobold demonologist
 13893 | D:8      | Reached skill level 5 in Crossbows
 14933 | D:9      | Reached XP level 11. HP: 85/97 MP: 18/18
 15500 | D:10     | Entered Level 10 of the Dungeon
 15502 | D:10     | Found a staircase to the Orcish Mines.
 15640 | D:10     | Reached skill level 5 in Shields
 15797 | D:10     | Reached **** piety under Lugonu
 15822 | D:10     | Noticed a manticore
 16033 | D:10     | Banished a manticore
 16034 | D:10     | Reached skill level 10 in Invocations
 16195 | D:10     | Reached skill level 5 in Evocations
 16757 | D:11     | Noticed a boulder beetle
 16767 | D:11     | Banished a boulder beetle
 17086 | D:11     | Noticed a two-headed ogre
 17087 | D:11     | Banished a two-headed ogre
 17268 | D:11     | Found a staircase to the Lair.
 17367 | D:11     | Noticed a two-headed ogre
 17368 | D:11     | Banished a two-headed ogre
 17369 | D:11     | Reached skill level 10 in Fighting
 17930 | Orc:1    | Entered Level 1 of the Orcish Mines
 18044 | Orc:1    | Noticed an orc knight
 18048 | Orc:1    | Banished an orc knight
 18356 | Orc:1    | Found a runed translucent door.
 18360 | Orc:1    | Noticed poover's ghost (journeyman DgFE)
 18700 | Orc:1    | Reached skill level 11 in Invocations
 18700 | Orc:1    | Reached XP level 12. HP: 79/107 MP: 20/20
 19040 | Orc:1    | Found Katsuytu's Armour Emporium.
 19492 | Orc:2    | Entered Level 2 of the Orcish Mines
 19572 | Orc:2    | Found Geecoe's Antique Armour Boutique.
 20152 | Orc:2    | Found Fosokacw's Magic Scroll Emporium.
 20161 | Orc:2    | Bought a scroll of identify for 22 gold pieces
 20161 | Orc:2    | Bought a scroll of identify for 22 gold pieces
 20166 | Orc:2    | Bought a scroll of acquirement for 572 gold pieces
 20168 | Orc:2    | Acquired the amulet "Faitz" {Reflect rF+ SH+5}
 20176 | Orc:2    | Acquired the ring "Qonebbyr" {rElec rPois rF+ Will- Int+2}
 20244 | Orc:2    | Noticed an orc high priest
 20256 | Orc:2    | Paralysed by an orc sorcerer for 3 turns
 22004 | Orc:2    | Found a staircase to the Elven Halls.
 22083 | Orc:2    | Found Yxemyl's Jewellery Shoppe.
 22106 | Orc:2    | Found Lairen's Antique Weapon Boutique.
 22281 | Orc:2    | Found Baeklauxt's Assorted Antiques.
 22290 | Orc:2    | Bought an ancient helmet for 304 gold pieces
 22290 | Orc:2    | Identified the +1 helmet "Niged" {Rampage rElec rC- Str+3}
                  | (You bought it in a shop on level 2 of the Orcish Mines)
 22490 | Orc:2    | Noticed an orc high priest
 22493 | Orc:2    | Banished an orc high priest
 22735 | Orc:1    | Banished an orc high priest
 22898 | Orc:2    | Paralysed by an orc sorcerer for 4 turns
 22904 | Orc:1    | Reached skill level 12 in Invocations
 23086 | Orc:2    | Noticed an orc high priest
 23114 | Orc:2    | Killed an orc high priest
 23216 | Orc:2    | Found Zutt's General Store.
 23221 | Orc:2    | Found Otoch's Book Boutique.
 23227 | Orc:2    | Found Hempe's Antique Armour Boutique.
 23227 | Orc:2    | Noticed Rupert
 23283 | Orc:1    | Killed Rupert
 23284 | Orc:1    | Reached XP level 13. HP: 54/116 MP: 22/22
 23512 | Orc:2    | Found Qireno's General Store.
 23594 | Orc:2    | Bought an iridescent scimitar for 306 gold pieces
 23594 | Orc:2    | Identified the +8 scimitar of Massacring {spect, +Blink Fly
                  | rF+ rC-} (You bought it in a shop on level 2 of the Orcish
                  | Mines)
 23691 | Lair:1   | Entered Level 1 of the Lair of Beasts
 23818 | Lair:1   | Found a transporter.
 24008 | Lair:1   | Found a transporter.
 24023 | Lair:1   | Reached skill level 1 in Long Blades
 24618 | Lair:1   | Found a burning altar of Makhleb.
 25054 | Lair:2   | Found a hole to the Spider Nest.
 26112 | Lair:3   | You are sucked into a shaft and drop 1 floor!
 26236 | Lair:3   | Found a staircase to the Swamp.
 26999 | Lair:4   | Reached skill level 13 in Invocations
 28244 | Lair:4   | Reached XP level 14. HP: 117/127 MP: 23/23
 28330 | Lair:5   | Found a viscous altar of Jiyva.
 28330 | Lair:5   | Found a staircase to the Slime Pits.
 28996 | Lair:6   | Entered Level 6 of the Lair of Beasts
 29091 | Lair:5   | Reached skill level 5 in Long Blades
 29246 | Lair:6   | Found a frozen archway.
 29259 | IceCv    | Entered an ice cave
 31075 | IceCv    | Reached skill level 10 in Shields
 31357 | IceCv    | Got the Catalogue of Distant Worlds
 32127 | Lair:6   | Found a runed translucent door.
 32127 | Lair:6   | Found a shimmering altar of Xom.
 32127 | Lair:6   | Noticed Pooter's ghost (journeyman MiBe)
 32128 | Lair:6   | Identified the +10 war axe of Rubbish {chaos, Str+4 Dex-3}
 32164 | Lair:6   | Reached skill level 14 in Invocations
 32573 | Lair:6   | Reached ***** piety under Lugonu
 33624 | Lair:6   | Reached XP level 15. HP: 127/136 MP: 25/25
 34201 | Orc:2    | Bought a glowing kite shield for 225 gold pieces
 34375 | D:3      | Noticed parzival7114810's ghost (amateur HOFi)
 34381 | D:3      | Killed parzival7114810's ghost
 34624 | D:5      | Killed Crazy Yiuf
 35025 | D:3      | Bought a scroll of identify for 28 gold pieces
 35025 | D:3      | Bought a scroll of teleportation for 42 gold pieces
 35229 | D:8      | Killed Joseph
 35319 | Orc:1    | Killed poover's ghost
 35320 | Orc:1    | Reached skill level 10 in Evocations
 37283 | D:13     | Reached skill level 10 in Crossbows
 37447 | D:13     | Reached skill level 15 in Invocations
 37534 | D:13     | Reached skill level 1 in Dodging
 37967 | D:13     | Identified the +10 flail of Hell's Wrath {protect, Will+}
 38368 | D:14     | Noticed Urug
 38368 | D:14     | Found a gate to the Vaults.
 38686 | D:14     | Killed Urug
 38831 | D:14     | Reached skill level 16 in Invocations
 39058 | D:14     | Reached XP level 16. HP: 116/146 MP: 28/28
 39675 | D:15     | Entered Level 15 of the Dungeon
 40081 | D:15     | Reached skill level 10 in Long Blades
 40087 | D:15     | Reached skill level 5 in Dodging
 40756 | D:15     | Reached skill level 17 in Invocations
 41165 | D:15     | Reached ****** piety under Lugonu
 42123 | D:15     | Found a staircase to the Depths.
 42814 | Orc:2    | Bought a ring of protection from cold for 350 gold pieces
 42974 | Swamp:1  | Entered Level 1 of the Swamp
 43814 | Swamp:1  | Reached skill level 18 in Invocations
 44073 | Swamp:1  | Identified the ring "Cexec" {Fly Int+2 Slay+3 SInv}
 44635 | Swamp:1  | Noticed Jorgrun
 45028 | Swamp:1  | Killed Jorgrun
 45268 | Swamp:2  | Reached XP level 17. HP: 135/152 MP: 30/30
 45270 | Swamp:2  | Identified the +9 rapier "Leudug" {flame, rPois rF- Str+2}
 45807 | Swamp:2  | Identified the +0 kite shield of Somewhere Else {*Corrode
                  | rC+ rN+}
 45807 | Swamp:2  | Noticed Donald
 45829 | Swamp:1  | Killed Donald
 48016 | Swamp:4  | Entered Level 4 of the Swamp
 48308 | Spider:1 | Entered Level 1 of the Spider Nest
 48455 | Lair:2   | Mangled by a broodmother

Illustrated notes

Levels and vault maps discovered:
D:1:      dpeg_arrival_tiny_k, layout_loops_cross
D:2:      layout_basic, hellmonk_ecumenical_altar_lost_god, uniq_terence
D:3:      layout_rooms, marbit_many_paths, gammafunk_ghost_gnarly_gnolls,
          serial_shops, nicolae_shop_stone, chequers_big_river,
          nicolae_elevator_lobby_asterisk
D:4:      layout_rooms, minmay_temple_entry_crystal_x, uniq_menkaure
D:5:      layout_rooms, grunt_ministairs_13, uniq_pikel,
          uniq_crazy_yiuf_cottage, uniq_sigmund
D:6:      kennysheep_spiral_hall, layout_rooms
D:7:      layout_basic, serial_shops, nicolae_diamond_shop,
          minmay_chambers_of_fives
D:8:      layout_basic, uniq_joseph, uniq_prince_ribbit1
D:9:      layout_gridville
D:10:     layout_big_octagon, orc_0_dummy, minivault_24,
          kennysheep_generic_room_13
D:11:     layout_basic, lair_entry_dummy, serial_undead, serial_undead_c,
          serial_undead_b, serial_undead_c, serial_undead_f,
          minmay_misc_feat_nine_boxes, palyth_stone_intersect
D:12:     layout_cave_pods, minmay_librarian
D:13:     kennysheep_six_static_rooms, layout_long_grid, minmay_holes,
          hangedman_weighted_door
D:14:     layout_rooms, david_vaults_3, minmay_staircase_bubble
D:15:     grunt_enter_depths_hoard, layout_irregular_city, elves_outpost_lemuel
Temple:   dpeg_three_leaves_temple
Lair:1:   gammafunk_boulding_lane, layout_gridlike, basic_altar,
          grunt_megastairs_1
Lair:2:   layout_small_grid, spider_nest_entry_web_field, st_stairs_6,
          grunt_megastairs_5, lemuel_fruit_fields
Lair:3:   layout_gridlike, swamp_mist, infiniplex_staircase_pool_2
Lair:4:   layout_gridlike, infiniplex_staircase_pool, serial_bayou_shore_b,
          grunt_megastairs_4
Lair:5:   layout_gridlike, slime_altar_1
Lair:6:   evilmike_catoblepas_cave, layout_misc_corridors, ebering_ghost_xom,
          portal_ice_cave_entry_pillars_1, nicolae_quartered_pool_super,
          serial_bayou_shore_a, lemuel_fruit_fields
Swamp:1:  layout_basic_swamp, serial_swamp_ruin, hangedman_swamp_ruin_hall,
          evilmike_swamp_ruin_rubble_1, evilmike_swamp_ruin_rubble_2,
          nicolae_swamp_hydra_murder_den, uniq_jorgrun
Swamp:2:  layout_falls_marsh, nicolae_swamp_feature_on_the_river_bank,
          uniq_donald
Swamp:3:  layout_basic_swamp, nicolae_swamp_ascending_descending
Swamp:4:  swamp_pestilence, layout_basic_swamp
Spider:1: layout_spider_delve, nicolae_spider_some_kinda_spiderbox
Orc:1:    cheibrodos_orc_bank, layout_caves, serial_shops, shop,
          gammafunk_ghost_grave
Orc:2:    st_orc_elflike, layout_caves, serial_shops, nicolae_shop_stone,
          nicolae_shop_temple_entry_statues_fountains, shop_fountains,
          nicolae_shop_hallway_stairs, shop, nicolae_orc_flooded_monolith,
          uniq_rupert

Skill      XL: |  1  2  3  4  5  6  7  8  9 10 11 12 13 14 15 16 17 |
---------------+----------------------------------------------------+-----
Axes           | 3 4 5 |  5.5
Invocations    | 3 4 5 7 8 9 11 12 13 14 16 18 | 18.0
Fighting       | 4 5 6 7 8 9 10 11 12 13 14 | 14.5
Armour         | 3 4 5 6 7 8 |  8.7
Throwing       | 1 2 |  2.4
Maces & Flails | 1 3 5 6 7 9 |  9.1
Crossbows      | 1 2 4 5 6 7 8 9 10 | 10.0
Evocations     | 2 4 6 7 8 9 10 | 10.0
Shields        | 2 4 6 8 9 10 11 | 11.7
Long Blades    | 4 6 9 12 | 12.7
Dodging        | 4 6 |  6.0

Action                   |  1- 3 |  4- 6 |  7- 9 | 10-12 | 13-15 | 16-18 || total
-------------------------+-------+-------+-------+-------+-------+-------++-------
Melee: Hand axe          |   110 |   283 |       |       |       |       ||   393
       Punch             |       |     3 |     5 |       |       |       ||     8
       Flail             |       |    14 |   278 |   843 |   226 |    24 ||  1385
       Scimitar          |       |       |       |       |   842 |   435 ||  1277
       Rapier            |       |       |       |       |       |    10 ||    10
 Fire: Hand crossbow     |       |       |       |     3 |    17 |    41 ||    61
Throw: Dart              |       |       |    21 |       |       |       ||    21
       Javelin           |       |       |       |       |       |     1 ||     1
Invok: Depart the Abyss  |     1 |       |       |       |       |       ||     1
       Banish            |       |       |     3 |    25 |    10 |     2 ||    40
       Bend Space        |       |       |     1 |     1 |       |       ||     2
Evoke: Wand              |       |       |     4 |     6 |       |    13 ||    23
       Tin of tremorston |       |       |       |     1 |       |       ||     1
  Use: Scroll            |       |     4 |       |     7 |    18 |     2 ||    31
       Potion            |       |       |       |       |     1 |     2 ||     3
 Stab: Sleeping          |     1 |       |       |       |       |       ||     1
       Distracted        |       |       |       |       |     7 |     4 ||    11
Armor: Leather armour    |    40 |       |       |       |       |       ||    40
       Ring mail         |     4 |       |       |       |       |       ||     4
       Chain mail        |       |   184 |   132 |       |       |       ||   316
       Plate armour      |       |       |       |   454 |    39 |       ||   493
       Pearl dragon scal |       |       |       |       |   551 |   116 ||   667
       Swamp dragon scal |       |       |       |       |       |    41 ||    41
Dodge: Dodged            |    87 |    99 |    83 |   199 |   279 |   107 ||   854
       Repelled          |       |       |       |       |     1 |     5 ||     6
Block: Buckler           |       |       |    24 |   315 |   428 |       ||   767
       Kite shield       |       |       |     7 |       |   349 |   334 ||   690
       Reflection        |       |       |       |     3 |    28 |     8 ||    39

Table legend: (Time is in decaauts)
 A = Elapsed time spent in this place.
 B = Non-inter-level travel time spent in this place.
 C = Inter-level travel time spent in this place.
 D = Time resting spent in this place.
 E = Time spent auto-exploring this place.
 F = Levels seen in this place.
 G = Mean time per level.
                   A        B        C        D        E       F      G
               +--------+--------+--------+--------+--------+-----+--------+
         Total |  48929 |  44611 |   4318 |  14122 |  19216 |  31 | 1578.4 |
       Dungeon |  26913 |  24083 |   2830 |   5582 |  12307 |  15 | 1794.2 |
        Temple |      1 |      1 |      0 |      0 |      0 |   1 |    1.0 |
          Lair |   9364 |   8518 |    846 |   2522 |   4018 |   6 | 1560.7 |
         Swamp |   4677 |   4414 |    263 |   1842 |   1644 |   4 | 1169.2 |
   Spider Nest |     20 |     20 |      0 |      0 |      0 |   1 |   20.0 |
  Orcish Mines |   5695 |   5316 |    379 |   2606 |   1166 |   2 | 2847.5 |
         Abyss |     26 |     26 |      0 |      0 |      0 |   1 |   26.0 |
      Ice Cave |   2230 |   2230 |      0 |   1570 |     80 |   1 | 2230.0 |
               +--------+--------+--------+--------+--------+-----+--------+

Top non-repeatable levels by time:
   Orc:1: 3846 daAuts
     D:3: 2538 daAuts
     D:7: 2370 daAuts
   IceCv: 2230 daAuts
     D:8: 2181 daAuts
 Swamp:1: 2127 daAuts
    D:15: 2101 daAuts
    D:14: 2062 daAuts
  Lair:6: 2021 daAuts
     D:2: 1987 daAuts
     D:9: 1921 daAuts
  Lair:5: 1876 daAuts
   Orc:2: 1849 daAuts
    D:13: 1664 daAuts
  Lair:3: 1658 daAuts
